AoeStats
← laichzeit53

Arena

508966592Analyzed
1v1 RM · 6d ago on Sep 24, 2026· 100m 45s· 2 players
Game mode
Random Map
Map size
Tiny (2 player)
Population
200
Speed
Normal
Resources
Standard
Victory
Conquest
Starting age
Dark Age
Ending age
Imperial Age
RankedLock teamsTeams togetherTeam positionsShared explorationLock speedFull tech treeHidden civsTurbo modeCheats
Victory
Defeat
469
+14
🇿🇦 Franks · South Africa
424
-14
laichzeit53
3:01 Loom
3:21 Loom
10:15 Feudal Age
10:48 Double-Bit Axe
14:05 Wheelbarrow
13:17 Town Watch
20:00 Scale Barding Armor
20:08 Forging
20:15 Gold Mining
22:38 Castle Age
20:30 Man-at-Arms
24:12 Bow Saw
23:30 Pikeman
25:39 Stone Mining
27:34 Chain Barding Armor
27:25 Squires
29:15 Gold Shaft Mining
29:50 Husbandry
30:07 Scale Mail Armor
30:43 Iron Casting
30:47 Light Cavalry
32:39 Chain Mail Armor
32:25 Padded Archer Armor
33:01 Ordonnance Companies
33:54 Town Watch
35:01 Hand Cart
35:24 Town Patrol
37:13 Ballistics
36:46 Guard Tower
39:09 Fortified Wall
39:13 Masonry
38:59 Murder Holes
39:23 Masonry
39:00 Treadmill Crane
42:42 Imperial Age
40:26 Long Swordsman
45:25 Chemistry
44:11 Arrowslits
44:57 Architecture
44:32 Siege Engineers
43:51 Cavalier
44:50 Elite Throwing Axeman
46:45 Hoardings
46:14 Chivalry
45:54 Elite Skirmisher
46:55 Crossbowman
47:01 Cranequins
48:53 Fletching
50:58 Heavy Mounted Crossbowman
52:18 Conscription
53:14 Plate Barding Armor
55:12 Plate Mail Armor
55:43 Blast Furnace
54:39 Bodkin Arrow
57:58 Leather Archer Armor
58:31 Paladin
60:23 Capped Ram
62:02 Heavy Scorpion
68:48 Onager
PotbelliedVampireGoblin
10:15 Feudal Age
10:47 Double-Bit Axe
17:25 Castle Age
15:31 Horse Collar
17:09 Stone Mining
18:20 Bow Saw
18:17 Heavy Plow
19:52 Fletching
21:59 Wheelbarrow
23:44 Gold Mining
24:19 Pikeman
26:08 Town Watch
27:21 Fervor
27:34 Hand Cart
27:51 Town Patrol
28:01 Scale Mail Armor
27:58 Bodkin Arrow
33:49 Imperial Age
31:58 Chain Mail Armor
31:53 Forging
34:03 Squires
34:43 Iron Casting
34:14 Scale Barding Armor
34:13 Loom
36:05 Crop Rotation
36:37 Two-Man Saw
36:16 Bracer
36:16 Elite Jarl
37:52 Chain Barding Armor
38:33 Blast Furnace
39:15 Guilds
40:28 Plate Barding Armor
40:25 Plate Mail Armor
41:15 Masonry
41:19 Siege Engineers
40:53 Halberdier
46:00 Architecture
45:40 Gothikon
46:00 Elite Varangian Guard
47:08 Conscription
49:17 Ballistics
49:15 Treadmill Crane
50:53 Chemistry
54:37 Fortified Wall
56:56 Murder Holes
60:46 Stone Shaft Mining
70:59 Guard Tower
73:06 Onager
74:07 Arson
Connection lost

Rejoining the realm…

Still unreachable

The connection could not be restored.

Session expired

The server has moved on; the page needs a fresh start.